 Dungeon Crawl Stone Soup version 0.32-a0-732-ga344392067 (webtiles) character file.

Game seed: 16735507717176655284

600 ragingrage the Cutter (level 7, -2/53 HPs)
             Began as a Djinni Artificer on Mar 17, 2024.
             Was a Believer of Cheibriados.
             Killed by divine providence
             ... invoked by an orc priest
              (16 damage)
             ... on level 5 of the Dungeon.
             The game lasted 00:07:19 (4789 turns).

ragingrage the Cutter (Djinni Artificer)            Turns: 4789, Time: 00:07:20

Health: -2/53      AC:  7    Str: 15    XL:     7   Next: 69%
Gold:   119        EV: 11    Int: 25    God:    Cheibriados [**....] SH:  0 Dex: 17

rFire   + . .        i - +2 dagger (distort)
rCold   . . .        (no shield)
rNeg    . . .        y - +2 animal skin
rPois   ∞            z - +0 helmet
rElec   .            o - scarf {shadows}
rCorr   .            (no gloves)
SInv    .            (boots unavailable)
Will    .....        (no amulet)
Stlth   ++           n - ring of ice
HPRegen 0.28/turn    v - +6 ring of intelligence
MPRegen 0.00/turn

%: infuse magic (-3 HP)
@: flying, very slow
A: sickness immunity, fire resistance 2, cold vulnerability 1, float, innate
caster, HP casting, extra vitality 1, iridescent scales 1, robust 1, noise
suppression
a: Renounce Religion, Bend Time


You were on level 5 of the Dungeon.
You worshipped Cheibriados.
Cheibriados was pleased with you.
You visited 1 branch of the dungeon, and saw 5 of its levels.

You collected 184 gold pieces.
You spent 65 gold pieces at shops.

Inventory:

Hand Weapons
 i - a +2 dagger of distortion (weapon)
Missiles
 m - 12 poisoned darts (quivered)
 q - 2 throwing nets
 u - 3 silver javelins
Armour
 o - a scarf of shadows (worn)
 y - a +2 animal skin (worn)
 z - a +0 helmet (worn)
Jewellery
 n - a ring of ice (left hand)
 v - a +6 ring of intelligence (right hand)
Wands
 c - a wand of flame (42)
 d - a wand of charming (13)
 e - a wand of iceblast (3)
Scrolls
 f - a scroll of immolation
 h - a scroll of enchant weapon {unknown}
 j - 3 scrolls of blinking
 k - 2 scrolls of enchant armour
 l - 2 scrolls of teleportation
 p - a scroll of revelation {unknown}
 r - a scroll of torment {unknown}
 t - a scroll of butterflies {unknown}
Potions
 a - 6 potions of curing
 g - a potion of magic {unknown}
 s - a potion of heal wounds {unknown}
 w - a potion of mutation
 x - a potion of enlightenment {unknown}


   Skills:
 - Level 2.0 Fighting
 + Level 5.0 Short Blades
 - Level 1.0 Armour
 - Level 2.1 Dodging
 - Level 2.0 Stealth
 + Level 3.1 Spellcasting
 + Level 3.1 Conjurations
 + Level 3.1 Hexes
   Level 0.0 Charms
 + Level 3.1 Summonings
 + Level 3.1 Necromancy
 + Level 3.1 Translocations
   Level 0.0 Transmutations
 + Level 3.1 Fire Magic
 + Level 3.1 Ice Magic
 + Level 3.1 Air Magic
 + Level 3.1 Earth Magic
 + Level 3.1 Alchemy
 - Level 3.0 Evocations


You knew the following spells:

 Your Spells              Type           Power      Damage    Failure   Level
a - Slow                  Hex            76%        N/A       2%          1
b - Jinxbite              Hex            38%        N/A       4%          2
c - Ensorcelled Hibernat  Hex/Ice        58%        N/A       4%          2
Your spell library was empty.

Dungeon Overview and Level Annotations

Branches:
Dungeon (5/15)
 Temple: D:4-7

Altars:
Cheibriados

Shops:
D:1 ?   D:2 (   D:3 (

Annotations:
D:2 1 runed translucent door, Crazy Yiuf
D:5 1 exclusion


Innate Abilities, Weirdness & Mutations

You are immune to sickness and miasma.
You are immune to poison.
Your flesh is very heat resistant. (rF++)
You are vulnerable to cold. (rC-)
You float through the air rather than walking.
You learn spells naturally, not from books.
Your magical power is your life essence.
You have superior vitality. (+4 MHP)
You are partially covered in iridescent scales. (AC +2)
You are robust. (+10% HP)
You passively dampen the noise of your surroundings.


Message History

The orc priest resists with significant effort.
The orc wizard gestures at you while chanting.
The magic dart hits you.
The orc priest miscasts a cantrip.
You closely miss the orc priest. The orc wizard casts a spell at you.
The magic dart hits you.
The orc priest looks satisfied for a moment.
Your magical contamination has completely faded away.
Unknown command.
Casting: Ensorcelled Hibernation (safe; 4% risk of failure)
Aiming: Ensorcelled Hibernation (safe; 4% risk of failure)
Press: ? - help, Shift-Dir - straight line, f/p - orc priest
Aim: an orc priest, wielding a +0 trident (chance to affect: 59%)
You feel a surge of power!
The orc priest resists with significant effort.
The orc wizard casts a spell.
The orc wizard flickers and vanishes!
Deactivating autopickup; reactivate with Ctrl-A.
The orc priest calls down the wrath of Beogh upon you.
Beogh smites you! The orc priest closely misses you.
Casting: Ensorcelled Hibernation (safe; 4% risk of failure)
Aiming: Ensorcelled Hibernation (safe; 4% risk of failure)
Press: ? - help, Shift-Dir - straight line, f/p - orc priest
Aim: an orc priest, wielding a +0 trident (chance to affect: 59%)
You feel a surge of power!
The orc priest resists with significant effort.
The orc priest mumbles some strange prayers to Beogh against you.
Pain shoots through your body!
* * * LOW HITPOINT WARNING * * *
The orc priest calls down the wrath of Beogh upon you.
You struggle to resist.
Blink to where?
Press: ? - help, Dir - move target, p - orc priest Really blink into a travel-excluded area?
As you read the scroll of blinking, it crumbles to dust.
The orc priest calls down the wrath of Beogh upon you.
Beogh smites you!
You die...
Cheibriados appreciates the motionlessness of death.

## ..####... .........
#......# #.....# #.
##########.....# #)
#......#......# #.##
##.<@..........# #..#
#...###...o§...# #..#####
##...# ###.o....#
#......#####....# #......#
#....)..........# #........#
...######!..................#
.oo# ###..............!...#
..## #.............!##... .)#
##...........## #...


You could see 2 orc priests.

Vanquished Creatures
  Grinder (D:4)
  A scorpion (D:4)
  A hound (D:5)
  2 orc priests (D:4)
  Ijyb (D:4)
  2 iguanas (D:4)
  Robin (D:4)
  3 gnolls
  3 adders
  A dart slug (D:1)
  A ribbon worm (D:4)
  3 orcs
  6 endoplasms
  3 giant cockroaches
  8 goblins
  8 hobgoblins
  5 jackals
  6 ball pythons
  6 bats
  4 frilled lizards
  9 kobolds
  3 rats
78 creatures vanquished.

Vanquished Creatures (collateral kills)
  A ball python (D:2)
1 creature vanquished.

Vanquished Creatures (others)
  An orc wizard (D:4)
  An orc (D:5)
2 creatures vanquished.

Grand Total: 81 creatures vanquished

Notes
Turn   | Place    | Note
-------+----------+-------------------------------------------
     0 | D:1      | ragingrage the Djinni Artificer began the quest for the
                  | Orb.
     0 | D:1      | Reached XP level 1. HP: 17/17 MP: 0/0
    39 | D:1      | Found Ameharr's Magic Scroll Emporium.
    76 | D:1      | Reached skill level 1 in Stealth
   195 | D:1      | Reached XP level 2. HP: 15/22 MP: 0/0
   839 | D:1      | Reached XP level 3. HP: 22/27 MP: 0/0
   839 | D:1      | Learned a level 1 spell: Slow
   951 | D:2      | Found Bigesaf's Antique Weapon Emporium.
  1203 | D:2      | Reached skill level 1 in Short Blades
  1503 | D:2      | Reached XP level 4. HP: 31/33 MP: 0/0
  1528 | D:2      | Found a runed translucent door.
  1529 | D:2      | Noticed Crazy Yiuf
  1852 | D:3      | Reached skill level 2 in Short Blades
  2305 | D:1      | Bought a scroll of teleportation for 39 gold pieces
  2305 | D:1      | Bought a scroll of identify for 26 gold pieces
  2459 | D:3      | Found Ceusm's Antique Weapon Shop.
  2605 | D:3      | Reached XP level 5. HP: 35/38 MP: 0/0
  2605 | D:3      | Learned a level 2 spell: Jinxbite
  2665 | D:3      | Found a faded altar of an unknown god.
  2733 | D:3      | Found a faded altar of an unknown god.
  2787 | D:3      | Reached skill level 3 in Short Blades
  2854 | D:3      | Found a snail-covered altar of Cheibriados.
  2862 | D:3      | Prayed at the altar of an unknown god.
  2862 | D:3      | Became a worshipper of Cheibriados the Contemplative
  2862 | D:3      | Reached * piety under Cheibriados
  3081 | D:4      | Noticed Grinder
  3092 | D:4      | Gained mutation: You passively dampen the noise of your
                  | surroundings. [potion of mutation]
  3092 | D:4      | Gained mutation: You are partially covered in iridescent
                  | scales. (AC +2) [potion of mutation]
  3092 | D:4      | Gained mutation: You are robust. (+10% HP) [potion of
                  | mutation]
  3096 | D:4      | Killed Grinder
  3097 | D:4      | Reached skill level 4 in Short Blades
  3097 | D:4      | Reached XP level 6. HP: 23/47 MP: 0/0
  3596 | D:4      | Reached XP level 7. HP: 23/53 MP: 0/0
  3596 | D:4      | Learned a level 2 spell: Ensorcelled Hibernation
  3871 | D:4      | Noticed Ijyb
  3885 | D:4      | Killed Ijyb
  4131 | D:4      | Noticed Robin
  4139 | D:4      | Reached ** piety under Cheibriados
  4140 | D:4      | Killed Robin
  4629 | D:5      | Entered Level 5 of the Dungeon
  4782 | D:5      | Reached skill level 5 in Short Blades
  4789 | D:5      | Killed from afar by an orc priest

Illustrated notes

Levels and vault maps discovered:
D:1:      dpeg_arrival_castle, layout_basic, serial_shops,
          nicolae_shop_waterfront, minmay_misc_feat_doors
D:2:      layout_rooms, serial_shops, nicolae_shop_tiny_statue_garden,
          kennysheep_cross_room, lemuel_flame_loot_1, uniq_crazy_yiuf_cottage
D:3:      minmay_angry_zag, layout_basic, nicolae_overflow_ecumenical_swirl,
          lemuel_doored_altar, serial_shops, nicolae_shop_stone,
          hellmonk_ecumenical_altar_zigzags, dreamdust_mushroom_princess
D:4:      layout_basic, minmay_quantized, uniq_grinder, uniq_ijyb, uniq_robin
D:5:      layout_layer_cave, nicolae_ru_great_annihilating_truth,
          enter_ossuary_1

Skill      XL: |  1  2  3  4  5  6  7 |
---------------+----------------------+-----
Stealth        | 1 2 |  2.0
Short Blades   | 1 2 4 5 |  5.0
Fighting       | 2 |  2.0
Spellcasting   | 2 3 |  3.1
Conjurations   | 2 3 |  3.1
Hexes          | 2 3 |  3.1
Summonings     | 2 3 |  3.1
Necromancy     | 2 3 |  3.1
Translocations | 2 3 |  3.1
Fire Magic     | 2 3 |  3.1
Ice Magic      | 2 3 |  3.1
Air Magic      | 2 3 |  3.1
Earth Magic    | 2 3 |  3.1
Alchemy        | 2 3 |  3.1
Armour         | |  1.0
Dodging        | |  2.1
Evocations     | |  3.0

Action                     |  1- 3 |  4- 6 |  7- 9 || total
---------------------------+-------+-------+-------++-------
  Melee: Club              |    38 |       |       ||    38
         Dagger            |    61 |    75 |    67 ||   203
  Throw: Dart              |       |     8 |       ||     8
   Cast: Ensorcelled Hiber |       |       |    12 ||    12
  Evoke: Wand              |     3 |     1 |     1 ||     5
    Use: Scroll            |       |     5 |     1 ||     6
         Potion            |       |     2 |       ||     2
   Stab: Sleeping          |       |     2 |     6 ||     8
         Distracted        |       |       |     1 ||     1
 Armour: Leather armour    |    71 |    39 |    27 ||   137
         Animal skin       |       |       |    11 ||    11
  Dodge: Dodged            |    52 |    27 |    26 ||   105

Table legend: (Time is in decaauts)
 A = Elapsed time spent in this place.
 B = Non-inter-level travel time spent in this place.
 C = Inter-level travel time spent in this place.
 D = Time resting spent in this place.
 E = Time spent auto-exploring this place.
 F = Levels seen in this place.
 G = Mean time per level.
                   A        B        C        D        E       F      G
               +--------+--------+--------+--------+--------+-----+--------+
         Total |   5261 |   4666 |    595 |    934 |   2748 |   5 | 1052.2 |
       Dungeon |   5261 |   4666 |    595 |    934 |   2748 |   5 | 1052.2 |
               +--------+--------+--------+--------+--------+-----+--------+

Top non-repeatable levels by time:
     D:4: 2064 daAuts
     D:3: 1131 daAuts
     D:2: 1019 daAuts
     D:1: 972 daAuts
     D:5: 73 daAuts
